 Dungeon Crawl Stone Soup version 0.22.0-13-g43fe8f2 (webtiles) character file.

1600 Sqgman the Blocker (level 8, -5/70 HPs)
             Began as a Minotaur Fighter on Aug 16, 2018.
             Was a Follower of Wu Jian.
             Slain by an ogre
             ... wielding a +0 giant spiked club
              (8 damage)
             ... on level 6 of the Dungeon.
             The game lasted 00:28:25 (5074 turns).

Sqgman the Blocker (Minotaur Fighter)               Turns: 5074, Time: 00:28:27

Health: -5/70      AC: 20    Str: 23    XL:     8   Next: 62%
Magic:  7/7        EV:  2    Int:  5    God:    Wu Jian [*.....]
Gold:   305        SH: 10    Dex: 10    Spells: 7/7 levels left

rFire    + . .     SeeInvis .   b - +1 rapier (freeze)
rCold    + . .     Gourm    .   c - +0 shield
rNeg     + . .     Faith    .   g - +4 gold dragon scales
rPois    +         Spirit   .   (helmet restricted)
rElec    .         Reflect  .   (no cloak)
rCorr    .         Harm     .   s - +0 pair of gloves
MR       .....                  (no boots)
Stlth    ..........             (no amulet)
HPRegen  0.21/turn              l - ring of positive energy
MPRegen  0.10/turn              (no ring)

@: heavily drained
A: retaliatory headbutt, horns 2
a: Renounce Religion


You were on level 6 of the Dungeon.
You worshipped Wu Jian.
Wu Jian was aware of your devotion.
You were not hungry.

You visited 2 branches of the dungeon, and saw 7 of its levels.

You collected 305 gold pieces.

Inventory:

Hand Weapons
 a - a +0 long sword
 b - a +1 rapier of freezing (weapon)
Missiles
 t - a tomahawk (quivered)
Armour
 c - a +0 shield (worn)
 g - +4 gold dragon scales (worn)
 r - a +3 ring mail of fire resistance
 s - a +0 pair of gloves (worn)
Jewellery
 i - an uncursed amulet of harm
 l - a ring of positive energy (left hand)
Wands
 o - a wand of iceblast (8)
Scrolls
 h - a scroll of magic mapping
 k - 4 scrolls of identify
 n - a scroll of immolation
 p - a scroll of teleportation
 q - 5 scrolls of remove curse
 u - a scroll of blinking
Potions
 d - 2 potions of might
 m - a potion of cancellation
Comestibles
 f - 5 rations


   Skills:
 + Level 5.9(4.1) Fighting
 + Level 5.6(4.4) Short Blades
 + Level 4.1(4.0) Long Blades
 + Level 7.3(5.4) Armour
 + Level 0.1(0.0) Dodging
 + Level 8.3(6.4) Shields


You had 7 spell levels left.
You didn't know any spells.
Your spell library was empty.

Dungeon Overview and Level Annotations

Branches:
Dungeon (6/15)             Temple (1/1) D:4

Altars:
Ashenzari
Cheibriados
Dithmenos
Elyvilon
Fedhas
Hepliaklqana
Kikubaaqudgha
Makhleb
Nemelex Xobeh
Okawaru
Qazlal
Ru
Uskayaw
Vehumet
Wu Jian
Xom
Yredelemnul
Zin
The Shining One

Shops:
D:6 }


Innate Abilities, Weirdness & Mutations

You reflexively headbutt those who attack you in melee.
You have a pair of horns on your head.


Message History

You throw a tomahawk. The tomahawk hits the ogre.
The ogre is moderately wounded.
You block the crimson imp's attack.
The ogre hits you with a giant spiked club!
* * * LOW HITPOINT WARNING * * *
You barely miss the crimson imp. You block the crimson imp's attack.
You miss the crimson imp. You block the ogre's attack.
The crimson imp hits you but does no damage.
You hit the crimson imp. You freeze the crimson imp.
Your headbutt misses the crimson imp.
The crimson imp is severely wounded.
The crimson imp hits you but does no damage.
The ogre hits you with a giant spiked club.
* * * LOW HITPOINT WARNING * * *
Your gold dragon scales prevents you from hitting the crimson imp.
The crimson imp is heavily wounded.
The crimson imp shouts, "Back with thee, thou mammering milk-livered flim-flammer!"
You block the crimson imp's attack.
The ogre hits you with a giant spiked club!
You die...

### #.# ###.# #.@5#
###O###
#######...###...
.......(.........
##.........########
..#####.###
#....##(##########
#....##..........#
#....##..........#


You could see an ogre and a crimson imp.

Vanquished Creatures
  Pikel (D:4)
  Sigmund (D:5)
  Duvessa (D:4)
  An ice beast (D:6)
  3 slaves (D:4)
  An ogre (D:4)
  Blork the orc (D:5)
  Dowan (D:4)
  A scorpion (D:5)
  A jelly (D:5)
  A quasit (D:5)
  A centaur skeleton (D:5)
  2 bullfrog skeletons
  4 worker ants
  2 orc wizards
  A hound zombie (D:5)
  4 gnolls (D:3)
  5 adders
  A howler monkey skeleton (D:4)
  A shadow imp (D:5)
  An ooze (D:3)
  4 worms
  A dart slug (D:2)
  3 leopard geckos
  17 orcs
  4 giant cockroaches
  6 goblins
  4 hobgoblins
  2 jackals (D:3)
  4 kobolds
  3 quokkas
  2 ball pythons
  9 bats
  7 frilled lizards
  2 giant cockroach zombies
  A jackal zombie (D:5)
  9 rats
113 creatures vanquished.

Notes
Turn   | Place    | Note
-------+----------+-------------------------------------------
     0 | D:1      | Sqgman the Minotaur Fighter began the quest for the Orb.
     0 | D:1      | Reached XP level 1. HP: 19/19 MP: 0/0
    90 | D:1      | Reached XP level 2. HP: 22/27 MP: 1/1
   495 | D:1      | Reached skill level 4 in Shields
   673 | D:2      | Reached XP level 3. HP: 29/33 MP: 2/2
  1380 | D:3      | Reached XP level 4. HP: 40/40 MP: 3/3
  2111 | D:4      | Reached skill level 5 in Shields
  2111 | D:4      | Reached XP level 5. HP: 47/47 MP: 4/4
  2287 | D:4      | Found a staircase to the Ecumenical Temple.
  2326 | Temple   | Entered the Ecumenical Temple
  2498 | Temple   | Became a worshipper of the Wu Jian Council
  2702 | D:4      | Noticed a slave
  2702 | D:4      | Noticed a slave
  2703 | D:4      | Noticed a slave
  2703 | D:4      | Noticed a slave
  2713 | D:4      | Noticed Pikel
  2721 | D:4      | Killed a slave
  2746 | D:4      | Killed a slave
  2760 | D:4      | Killed a slave
  2973 | D:4      | Killed Pikel
  2973 | D:4      | Reached skill level 6 in Shields
  2973 | D:4      | Reached XP level 6. HP: 28/55 MP: 5/5
  2973 | D:4      | Reached XP level 7. HP: 31/60 MP: 6/6
  3186 | D:4      | Noticed Duvessa
  3186 | D:4      | Noticed Dowan
  3206 | D:4      | Killed Dowan
  3206 | D:4      | Reached skill level 5 in Fighting
  3209 | D:4      | Killed Duvessa
  3209 | D:4      | Reached skill level 7 in Shields
  3605 | D:5      | Entered Level 5 of the Dungeon
  3759 | D:5      | Reached XP level 8. HP: 66/68 MP: 7/7
  3967 | D:5      | Noticed Blork the orc
  3973 | D:5      | Killed Blork the orc
  3999 | D:5      | Found an ancient bone altar of Kikubaaqudgha.
  3999 | D:5      | Found a sacrificial altar of Ru.
  3999 | D:5      | Found a snail-covered altar of Cheibriados.
  4045 | D:5      | Noticed Sigmund
  4061 | D:5      | Killed Sigmund
  4278 | D:5      | Reached skill level 8 in Shields
  4508 | D:5      | Reached skill level 5 in Short Blades
  4533 | D:5      | Reached * piety under Wu Jian
  4634 | D:6      | Found Vairghoc's Gadget Shoppe.
  4748 | D:6      | Noticed an eight-headed hydra
  5073 | D:6      | HP: 3/70 [ogre/giant spiked club (6)]
  5074 | D:6      | Slain by an ogre

Skill      XL: |  1  2  3  4  5  6  7  8 |
---------------+-------------------------+-----
Shields        | 4 5 6 7 8 |  8.3
Armour         | 4 6 7 |  7.3
Fighting       | 4 5 |  5.9
Long Blades    | 3 4 |  4.1
Short Blades   | 2 4 5 |  5.6
Dodging        | |  0.1

Action                   |  1- 3 |  4- 6 |  7- 9 || total
-------------------------+-------+-------+-------++-------
Melee: Long sword        |   100 |    97 |       ||   197
       Headbutt          |    18 |    27 |    21 ||    66
       Dagger            |    20 |       |       ||    20
       Rapier            |       |    49 |   158 ||   207
Throw: Tomahawk          |       |       |    11 ||    11
       Throwing net      |       |       |     1 ||     1
Invok: Lunge             |       |       |     8 ||     8
       Whirlwind         |       |       |     5 ||     5
  Use: Scroll            |     7 |     5 |     8 ||    20
       Potion            |     1 |     2 |     3 ||     6
  Eat: Chunk             |     1 |     3 |     4 ||     8
       Ration            |       |     1 |     1 ||     2
Armor: Scale mail        |    15 |       |       ||    15
       Gold dragon scale |    79 |   193 |    98 ||   370
Dodge: Dodged            |    17 |    16 |    10 ||    43
Block: Shield            |    76 |   150 |    95 ||   321
       Rpst.: Long sword |     4 |     2 |       ||     6
